TOP OF THE 1ST |
Kansas State Wildcats batting - Pitching for Auburn Tigers : RHP Tim Cameron
|
Pitching: RHP Tim Cameron
|
|
Batting: RHB Bill Jordan
|
0-0: Ball 1-0: Called Strike 1-1: Foul Ball, location: 2F 1-2: Strikes out swinging
|
Batting: SHB Don Pittman
|
0-0: Ball 1-0: Ball 2-0: Ball 3-0: Called Strike 3-1: Called Strike 3-2: DOUBLE (Flyball, 89D)
|
Batting: LHB Tony Smith
|
0-0: Fly out, F8 (Flyball, 8LM)
|
Batting: LHB Kyle Harrison
|
0-0: Ground out U3 (Groundball, 3S)
|
Top of the 1st over - 0 run(s), 1 hit(s), 0 error(s), 1 left on base; Kansas State 0 - Auburn 0 |
BOTTOM OF THE 1ST |
Auburn Tigers batting - Pitching for Kansas State Wildcats : RHP Wiley Chandler
|
Pitching: RHP Wiley Chandler
|
|
Batting: RHB John Zimmerman
|
0-0: Ball 1-0: Foul Ball, location: 2F 1-1: Foul Ball, location: 2F 1-2: Strikes out swinging
|
Batting: RHB Artie Frye
|
0-0: Called Strike 0-1: Foul Ball, location: 2F 0-2: Ball 1-2: Foul Ball, location: 2F 1-2: Ground out 6-3 (Groundball, 6)
|
Batting: LHB Edison Snyder
|
0-0: Ball 1-0: Called Strike 1-1: Called Strike 1-2: Fly out, F8 (Flyball, 8LM)
|
Bottom of the 1st over - 0 run(s), 0 hit(s), 0 error(s), 0 left on base; Kansas State 0 - Auburn 0 |
TOP OF THE 2ND |
Kansas State Wildcats batting - Pitching for Auburn Tigers : RHP Tim Cameron
|
Batting: LHB Juan Cuervo
|
0-0: Foul Ball, location: 2F 0-1: Foul Ball, location: 2F 0-2: Ball 1-2: Strikes out looking
|
Batting: LHB José Rodríguez
|
0-0: Foul Ball, location: 2F 0-1: Ball 1-1: Ball 2-1: Foul Ball, location: 2F 2-2: Ball 3-2: Fly out, F4 (Popup, 9S)
|
Batting: RHB David Hernández
|
0-0: Ball 1-0: Called Strike 1-1: Ball 2-1: Ball 3-1: Swinging Strike 3-2: Foul Ball, location: 2F 3-2: Base on Balls
|
Batting: RHB John Wilson
|
0-0: Ball 1-0: Ball 2-0: Foul Ball, location: 2F 2-1: Fly out, F7 (Flyball, 78M)
|
Top of the 2nd over - 0 run(s), 0 hit(s), 0 error(s), 1 left on base; Kansas State 0 - Auburn 0 |
BOTTOM OF THE 2ND |
Auburn Tigers batting - Pitching for Kansas State Wildcats : RHP Wiley Chandler
|
Batting: RHB Jeff Jones
|
0-0: Called Strike 0-1: Foul Ball, location: 2F 0-2: Foul Ball, location: 2F 0-2: Strikes out looking
|
Batting: RHB Doyle O'Dell
|
0-0: Called Strike 0-1: Ball 1-1: Ball 2-1: Swinging Strike 2-2: Ground out 4-3 (Groundball, 34)
|
Batting: SHB Tim Campbell
|
0-0: Called Strike 0-1: Called Strike 0-2: Ground out 1-3 (Groundball, 25)
|
Bottom of the 2nd over - 0 run(s), 0 hit(s), 0 error(s), 0 left on base; Kansas State 0 - Auburn 0 |
TOP OF THE 3RD |
Kansas State Wildcats batting - Pitching for Auburn Tigers : RHP Tim Cameron
|
Batting: RHB Andrew Deal
|
0-0: Ball 1-0: Fly out, F3 (Popup, 3S)
|
Batting: RHB Bill Jordan
|
0-0: Ball 1-0: Foul Ball, location: 2F 1-1: Foul Ball, location: 2F 1-2: Ground out 5-3 (Groundball, 56S)
|
Batting: SHB Don Pittman
|
0-0: Called Strike 0-1: Foul Ball, location: 2F 0-2: Ball 1-2: Ball 2-2: Ground out 4-3 (Groundball, 4)
|
Top of the 3rd over - 0 run(s), 0 hit(s), 0 error(s), 0 left on base; Kansas State 0 - Auburn 0 |
BOTTOM OF THE 3RD |
Auburn Tigers batting - Pitching for Kansas State Wildcats : RHP Wiley Chandler
|
Batting: RHB Ángelo Young
|
0-0: Ball 1-0: Called Strike 1-1: Foul Ball, location: 2F 1-2: Strikes out looking
|
Batting: RHB António Martínez
|
0-0: Foul Ball, location: 2F 0-1: Ground out 6-3 (Groundball, 6)
|
Batting: RHB Jody Díaz
|
0-0: Ball 1-0: Called Strike 1-1: Called Strike 1-2: Strikes out swinging
|
Bottom of the 3rd over - 0 run(s), 0 hit(s), 0 error(s), 0 left on base; Kansas State 0 - Auburn 0 |
TOP OF THE 4TH |
Kansas State Wildcats batting - Pitching for Auburn Tigers : RHP Tim Cameron
|
Batting: LHB Tony Smith
|
0-0: Ball 1-0: Foul Ball, location: 2F 1-1: Swinging Strike 1-2: Strikes out swinging
|
Batting: LHB Kyle Harrison
|
0-0: Called Strike 0-1: Ball 1-1: Ball 2-1: Ball 3-1: Called Strike 3-2: DOUBLE (Flyball, 8LM)
|
Batting: LHB Juan Cuervo
|
0-0: Swinging Strike 0-1: Foul Ball, location: 2F 0-2: Ground out U3 (Groundball, 3S) Kyle Harrison to third
|
Batting: LHB José Rodríguez
|
0-0: Called Strike 0-1: Called Strike 0-2: Ball 1-2: Ball 2-2: Ball 3-2: Base on Balls
|
Batting: RHB David Hernández
|
0-0: Ball 1-0: Swinging Strike 1-1: Swinging Strike 1-2: Foul Ball, location: 2F 1-2: Ball José Rodríguez is caught stealing 2nd base
|
Top of the 4th over - 0 run(s), 1 hit(s), 0 error(s), 0 left on base; Kansas State 0 - Auburn 0 |
BOTTOM OF THE 4TH |
Auburn Tigers batting - Pitching for Kansas State Wildcats : RHP Wiley Chandler
|
Batting: RHB John Zimmerman
|
0-0: SINGLE (Groundball, 4)
|
Batting: RHB Artie Frye
|
0-0: Ball 1-0: Foul Ball, location: 2F 1-1: DOUBLE (Groundball, 5L) John Zimmerman to third Runner from 3rd tries for Home, SAFE, no throw or cutoff
|
Batting: LHB Edison Snyder
|
0-0: Foul Ball, location: 2F 0-1: Ground out 6-3 (Groundball, 6)
|
Batting: RHB Jeff Jones
|
0-0: Ball 1-0: Called Strike 1-1: Ball 2-1: Foul Ball, location: 2F 2-2: Strikes out swinging
|
Batting: RHB Doyle O'Dell
|
0-0: Fly out, F5 (Popup, 56S)
|
Bottom of the 4th over - 1 run(s), 2 hit(s), 0 error(s), 1 left on base; Kansas State 0 - Auburn 1 |
TOP OF THE 5TH |
Kansas State Wildcats batting - Pitching for Auburn Tigers : RHP Tim Cameron
|
Batting: RHB David Hernández
|
0-0: Fly out, F4 (Popup, 3D)
|
Batting: RHB John Wilson
|
0-0: Foul Ball, location: 2F 0-1: Ball 1-1: Ball 2-1: Called Strike 2-2: Ball 3-2: Foul Ball, location: 2F 3-2: Strikes out swinging
|
Batting: RHB Andrew Deal
|
0-0: Foul Ball, location: 2F 0-1: Swinging Strike 0-2: Strikes out swinging
|
Top of the 5th over - 0 run(s), 0 hit(s), 0 error(s), 0 left on base; Kansas State 0 - Auburn 1 |
BOTTOM OF THE 5TH |
Auburn Tigers batting - Pitching for Kansas State Wildcats : RHP Wiley Chandler
|
Batting: SHB Tim Campbell
|
0-0: Ball 1-0: Called Strike 1-1: Foul Ball, location: 2F 1-2: Fly out, F6 (Popup, 56)
|
Batting: RHB Ángelo Young
|
0-0: Ball 1-0: Fly out, F7 (Flyball, 7M)
|
Batting: RHB António Martínez
|
0-0: Fly out, F4 (Popup, 4M)
|
Bottom of the 5th over - 0 run(s), 0 hit(s), 0 error(s), 0 left on base; Kansas State 0 - Auburn 1 |
TOP OF THE 6TH |
Kansas State Wildcats batting - Pitching for Auburn Tigers : RHP Tim Cameron
|
Batting: RHB Bill Jordan
|
0-0: Swinging Strike 0-1: Ball 1-1: Ball 2-1: Called Strike 2-2: Fly out, F9 (Flyball, 89M)
|
Pitching: RHP Jack Chappell
|
|
Batting: SHB Don Pittman
|
0-0: Ball 1-0: Ball 2-0: Ball 3-0: Called Strike 3-1: Base on Balls
|
Batting: LHB Tony Smith
|
0-0: Called Strike 0-1: Foul Ball, location: 2F 0-2: Strikes out looking
|
Batting: LHB Kyle Harrison
|
0-0: SINGLE (Groundball, 4MD) Don Pittman to second Runner from 2nd tries for 3rd, SAFE, throw made to third
|
Batting: LHB Juan Cuervo
|
0-0: SINGLE (Groundball, 4) Don Pittman scores Kyle Harrison to second Runner from 2nd tries for 3rd, SAFE, no throw or cutoff
|
Batting: LHB José Rodríguez
|
0-0: Ball 1-0: Ball 2-0: Called Strike 2-1: Foul Ball, location: 2F 2-2: Strikes out swinging
|
Top of the 6th over - 1 run(s), 2 hit(s), 0 error(s), 2 left on base; Kansas State 1 - Auburn 1 |
BOTTOM OF THE 6TH |
Auburn Tigers batting - Pitching for Kansas State Wildcats : RHP Wiley Chandler
|
Batting: RHB Jody Díaz
|
0-0: Ball 1-0: Foul Ball, location: 2F 1-1: Foul Ball, location: 2F 1-2: Foul Ball, location: 2F 1-2: Foul Ball, location: 2F 1-2: SINGLE (Groundball, 4MD)
|
Batting: RHB John Zimmerman
|
0-0: Swinging Strike 0-1: Ball 1-1: Ball 2-1: Ball 3-1: Foul Ball, location: 2F 3-2: Strikes out looking
|
Batting: RHB Artie Frye
|
0-0: Called Strike 0-1: Ball 1-1: Ball 2-1: Ball 3-1: Foul Ball, location: 2F 3-2: Strikes out swinging
|
Batting: LHB Edison Snyder
|
0-0: Ball 1-0: Called Strike 1-1: Called Strike 1-2: Fly out, F2 (Popup, 2L)
|
Bottom of the 6th over - 0 run(s), 1 hit(s), 0 error(s), 1 left on base; Kansas State 1 - Auburn 1 |
TOP OF THE 7TH |
Kansas State Wildcats batting - Pitching for Auburn Tigers : RHP Jack Chappell
|
Batting: RHB David Hernández
|
0-0: Swinging Strike 0-1: Ball 1-1: Ball 2-1: Foul Ball, location: 2F 2-2: Foul Ball, location: 2F 2-2: Fly out, F3 (Popup, 3SF)
|
Batting: RHB John Wilson
|
0-0: Ball 1-0: Ball 2-0: Ball 3-0: Base on Balls
|
Pinch Hitting: RHB Joe Saunders
|
0-0: Foul Ball, location: 2F 0-1: Ball 1-1: Swinging Strike 1-2: Foul Ball, location: 2F 1-2: Ball 2-2: Strikes out swinging
|
Batting: RHB Bill Jordan
|
0-0: Called Strike 0-1: Ball 1-1: Ball 2-1: Foul Ball, location: 2F 2-2: Strikes out swinging
|
Top of the 7th over - 0 run(s), 0 hit(s), 0 error(s), 1 left on base; Kansas State 1 - Auburn 1 |
BOTTOM OF THE 7TH |
Auburn Tigers batting - Pitching for Kansas State Wildcats : RHP Wiley Chandler
|
Now in LF: Salvador Castro
|
|
Batting: RHB Jeff Jones
|
0-0: Foul Ball, location: 2F 0-1: Foul Ball, location: 2F 0-2: Ground out 6-3 (Groundball, 56S)
|
Batting: RHB Doyle O'Dell
|
0-0: Ball 1-0: Called Strike 1-1: Ball 2-1: Fly out, F9 (Flyball, 89M)
|
Batting: SHB Tim Campbell
|
0-0: Ball 1-0: Ball 2-0: Ball 3-0: Called Strike 3-1: Called Strike 3-2: Base on Balls
|
Pitching: LHP Timothy Martin
|
|
Batting: RHB Ángelo Young
|
0-0: Fly out, F9 (Flyball, 9M)
|
Bottom of the 7th over - 0 run(s), 0 hit(s), 0 error(s), 1 left on base; Kansas State 1 - Auburn 1 |
TOP OF THE 8TH |
Kansas State Wildcats batting - Pitching for Auburn Tigers : RHP Jack Chappell
|
Pitching: RHP Anthony Larson
|
|
Batting: SHB Don Pittman
|
0-0: Called Strike 0-1: Called Strike 0-2: Ball 1-2: Strikes out swinging
|
Batting: LHB Tony Smith
|
0-0: Ball 1-0: Ball 2-0: Called Strike 2-1: Ground out 1-3 (Groundball, 15)
|
Batting: LHB Kyle Harrison
|
0-0: Called Strike 0-1: Swinging Strike 0-2: Fly out, F7 (Line Drive, 7M)
|
Top of the 8th over - 0 run(s), 0 hit(s), 0 error(s), 0 left on base; Kansas State 1 - Auburn 1 |
BOTTOM OF THE 8TH |
Auburn Tigers batting - Pitching for Kansas State Wildcats : LHP Timothy Martin
|
Batting: RHB António Martínez
|
0-0: Swinging Strike 0-1: Called Strike 0-2: Strikes out swinging
|
Batting: RHB Jody Díaz
|
0-0: Ball 1-0: Swinging Strike 1-1: Swinging Strike 1-2: Foul Ball, location: 2F 1-2: Strikes out swinging
|
Batting: RHB John Zimmerman
|
0-0: Called Strike 0-1: Ball 1-1: Called Strike 1-2: Strikes out swinging
|
Bottom of the 8th over - 0 run(s), 0 hit(s), 0 error(s), 0 left on base; Kansas State 1 - Auburn 1 |
TOP OF THE 9TH |
Kansas State Wildcats batting - Pitching for Auburn Tigers : RHP Anthony Larson
|
Pitching: RHP Francisco Rodríguez
|
|
Batting: LHB Juan Cuervo
|
0-0: Called Strike 0-1: Called Strike 0-2: SINGLE (Groundball, 23) (infield hit)
|
Batting: LHB José Rodríguez
|
0-0: Ball Pickoff Throw by Catcher to First - Error! E2 Juan Cuervo to second 1-0: Intentional Walk
|
Batting: RHB David Hernández
|
0-0: SINGLE (Groundball, 2L) (infield hit) Juan Cuervo to third José Rodríguez to second
|
Batting: RHB John Wilson
|
0-0: Swinging Strike 0-1: Foul Ball, location: 2F 0-2: Ball 1-2: Ball 2-2: Ball 3-2: DOUBLE (Flyball, 7D) Juan Cuervo scores José Rodríguez scores David Hernández to third
|
Pinch Hitting: RHB José Valdés
|
0-0: Ball 1-0: Foul Ball, location: 2F 1-1: 3-RUN HOME RUN (Flyball, 9LD), Distance : 320 ft
|
Pitching: LHP Reynaldo Adame
|
|
Batting: RHB Bill Jordan
|
0-0: Swinging Strike 0-1: Ball 1-1: Swinging Strike 1-2: Ball 2-2: Ball 3-2: Strikes out swinging
|
Batting: SHB Don Pittman
|
0-0: Foul Ball, location: 2F 0-1: Ball 1-1: Fly out, F9 (Flyball, 89M)
|
Batting: LHB Tony Smith
|
0-0: Ball 1-0: Ground out 4-3 (Groundball, 4)
|
Top of the 9th over - 5 run(s), 4 hit(s), 1 error(s), 0 left on base; Kansas State 6 - Auburn 1 |
BOTTOM OF THE 9TH |
Auburn Tigers batting - Pitching for Kansas State Wildcats : LHP Timothy Martin
|
Pitching: RHP Frank Warren
|
|
Now in LF: Steve Ashe
|
|
Now in RF: Bobby Hinkle
|
|
Batting: RHB Artie Frye
|
0-0: Ball 1-0: Ball 2-0: Ball 3-0: Base on Balls
|
Batting: LHB Edison Snyder
|
0-0: Ball 1-0: Ball 2-0: Foul Ball, location: 2F 2-1: Fly out, F7 (Flyball, 78M)
|
Batting: RHB Jeff Jones
|
0-0: Ball 1-0: Ball 2-0: Called Strike 2-1: Ball 3-1: Base on Balls Artie Frye to second
|
Batting: RHB Doyle O'Dell
|
0-0: Fly out, F2 (Popup, 2LF)
|
Batting: SHB Tim Campbell
|
0-0: Fly out, F8 (Flyball, 8RS)
|
Bottom of the 9th over - 0 run(s), 0 hit(s), 0 error(s), 2 left on base; Kansas State 6 - Auburn 1 |
|